 Dungeon Crawl Stone Soup version 0.20-a0-766-g52e1353 (console) character file.

838 mabhoi the Sneak (level 7, -10/46 HPs)
             Began as an Octopode Assassin on Feb 26, 2017.
             Was an Initiate of Dithmenos.
             Hit by a stone thrown by an orc warrior (19 damage)
             ... on level 6 of the Dungeon.
             The game lasted 00:37:42 (7442 turns).

mabhoi the Sneak (Octopode Assassin)                Turns: 7442, Time: 00:37:42

Health: -10/46     AC:  1    Str: 11    XL:     7   Next: 99%
Magic:  7/7        EV: 14    Int: 13    God:    Dithmenos [......]
Gold:   279        SH:  0    Dex: 15    Spells: 3/6 levels left

rFire    . . .     SeeInvis .   a - +2 dagger
rCold    . . .     Gourm    .   (no shield)
rNeg     . . .     Faith    .   (helmet restricted)
rPois    .         Spirit   .   (no amulet)
rElec    .         Reflect  .   (no ring)
rCorr    .         Harm     .   (no ring)
MR       .....                  (no ring)
Stlth    +++++.....             (no ring)
Regen    0.2/turn               (no ring)
MPRegen  0.1/turn               (no ring)
                                (no ring)
                                (no ring)

@: no status effects
A: almost no armour, stealthy swim, amphibious, 8 rings, constrict 8, camouflage
1, gelatinous body 1
a: Renounce Religion


You were on level 6 of the Dungeon.
You worshipped Dithmenos.
Dithmenos was noncommittal.
You were hungry.

You visited 2 branches of the dungeon, and saw 7 of its levels.

You collected 279 gold pieces.

Inventory:

Hand Weapons
 a - a +2 dagger (weapon)
 c - a +0 quarterstaff
 d - a +0 dagger
 e - a +0 dagger
 g - a cursed -1 hunting sling
 k - a +0 dagger
 m - a +0 short sword
 o - a +0 short sword
 q - a +0 short sword
 v - a +0 rapier
 A - a +0 dagger
 F - a +0 long sword
 G - a +0 dagger
 H - a +0 short sword
 M - a +0 dagger
 S - a cursed -2 dagger
 U - a +0 dagger
Missiles
 h - 18 bolts
 i - 7 tomahawks
 j - 151 stones (quivered)
 t - 7 silver tomahawks
 C - 56 arrows
Jewellery
 r - an uncursed amulet of the gourmand {unknown}
 x - an uncursed amulet of regeneration {unknown}
 B - a cursed -3 ring of evasion {unknown}
Wands
 b - a wand of iceblast (10/15)
 w - a wand of disintegration (0/24)
 N - a wand of random effects (33/48)
Scrolls
 n - a scroll of remove curse {unknown}
 p - 2 scrolls of immolation
 y - 2 scrolls of noise
 I - 2 scrolls of teleportation {unknown}
 O - a scroll of identify
 P - a scroll of random uselessness {unknown}
 W - a scroll of blinking {unknown}
Potions
 l - a potion of degeneration
 s - a potion of agility {unknown}
 u - a potion of haste
 z - a potion of brilliance
 J - a potion of resistance
 K - a potion of might {unknown}
 L - a potion of flight {unknown}
 Q - 2 potions of lignification
 X - a potion of invisibility {unknown}
 Y - a potion of berserk rage {unknown}
Books
 R - a book of Misfortune

   Spells                             Type                      Level
   a - Confusing Touch                Hexes                        1
   b - Confuse                        Hexes                        3
   c - Gell's Gravitas                Translocation                3
   d - Petrify                        Transmutation/Earth          4
   e - Metabolic Englaciation         Hexes/Ice                    5
   f - Yara's Violent Unravelling     Hexes/Transmutation          5
Comestibles
 f - 3 bread rations
 D - a meat ration
 V - 2 royal jellies


   Skills:
 + Level 3.1 Fighting
 * Level 3.5 Short Blades
 + Level 6.7 Throwing
 + Level 2.4 Dodging
 + Level 7.2 Stealth
 + Level 0.9 Evocations


You had 3 spell levels left.
You knew the following spells:

 Your Spells              Type           Power        Failure   Level  Hunger
a - Confuse               Hex            #.......     86%         3    ####...


Dungeon Overview and Level Annotations

Branches:
Dungeon (6/15)             Temple (1/1) D:6

Altars:
Ashenzari
Cheibriados
Dithmenos
Fedhas
Gozag
Hepliaklqana
Kikubaaqudgha
Makhleb
Nemelex Xobeh
Okawaru
Qazlal
Ru
Sif Muna
Trog
Uskayaw
Vehumet
Wu Jian
Xom
Yredelemnul
Zin
The Shining One


Innate Abilities, Weirdness & Mutations

You cannot wear most types of armour.
You are very stealthy in the water. (Stealth+)
You are amphibious.
You can wear up to eight rings at the same time.
You can use your tentacles to constrict eight enemies at once.
Your skin changes colour to match your surroundings (Stealth+).
Your rubbery body absorbs attacks. (AC +1, EV +1)


Message History

The stone closely misses the orc warrior.
Something hits you.
The orc warrior throws a stone.
The stone barely misses you.
You closely miss something. Something barely misses you.
You closely miss something. You squeeze something.
The orc warrior throws a stone.
The stone barely misses you. Something hits you but does no damage.
You hit something but do no damage. You squeeze something.
The orc warrior throws a stone.
The stone closely misses you.
You hit something. You squeeze something. Dithmenos accepts your kill.
Dithmenos appreciates your extinguishing a source of fire.
Reactivating autopickup.
You feel a bit more experienced.
The orc warrior throws a stone.
The stone hits you!
* * * LOW HITPOINT WARNING * * *
Items here: ( ) [ † a dagger; a robe; a stone; an orc corpse You see here a stone.
j - 151 stones (gained 3)
You see here a club.
The orc warrior throws a stone.
The stone hits you!!
You die...

(.# .# #.#. #(##.#
#.#. #o##.# #.#.
#(##.# #.#. #o##.#
#.#. ######[##.#
#.#. .......(o#.#
#.####.#.
#####.###..#
#((((((). #.# #(.#
#############.
#.###.########...##
#.
#..(..o..)x...###.##
#. #.##########.##
##.#### #.
#.####.......#
#....# #.
#......#####.##
##.##.####. ########
##.###......(.(.
##...####.####.
##### ##.## #.
#...###. #.......
#...#### #####


You could see an orc warrior.

Vanquished Creatures
  A phantom (D:4)
  2 ogres
  A bullfrog (D:6)
  2 orc priests
  2 jellies (D:6)
  2 orc wizards (D:6)
  Ijyb (D:2)
  3 worker ants
  Terence (D:3)
  A hound zombie (D:6)
  2 hound skeletons
  7 adders
  A shadow imp (D:4)
  An ooze (D:1)
  2 adder skeletons
  A worm (D:4)
  A dart slug (D:1)
  5 leopard geckos
  10 orcs
  5 ball pythons
  9 bats
  7 giant cockroaches
  5 goblins
  8 hobgoblins
  6 jackals
  8 kobolds
  2 quokkas (D:4)
  6 frilled lizards
  A quokka skeleton (D:4)
  11 rats
  4 plants (D:1)
118 creatures vanquished.

Notes
Turn   | Place    | Note
-------+----------+-------------------------------------------
     0 | D:1      | mabhoi the Octopode Assassin began the quest for the Orb.
     0 | D:1      | Reached XP level 1. HP: 14/14 MP: 1/1
   148 | D:1      | Reached XP level 2. HP: 19/19 MP: 2/2
   319 | D:1      | Reached skill level 6 in Stealth
   628 | D:1      | Reached XP level 3. HP: 24/24 MP: 3/3
  1480 | D:2      | Noticed Ijyb
  1721 | D:2      | Reached XP level 4. HP: 30/30 MP: 4/4
  2003 | D:2      | Killed Ijyb
  2593 | D:3      | Noticed Terence
  2711 | D:3      | Killed Terence
  2711 | D:3      | Reached XP level 5. HP: 10/35 MP: 5/5
  3761 | D:4      | Reached skill level 7 in Stealth
  3782 | D:4      | Learned a level 3 spell: Confuse
  4145 | D:4      | Reached XP level 6. HP: 37/41 MP: 6/6
  4267 | D:4      | Noticed a phantom
  4867 | D:4      | Reached skill level 5 in Throwing
  5358 | D:4      | Killed a phantom
  5358 | D:4      | Reached XP level 7. HP: 40/45 MP: 7/7
  5480 | D:5      | Entered Level 5 of the Dungeon
  6875 | D:6      | Found a staircase to the Ecumenical Temple.
  6881 | Temple   | Entered the Ecumenical Temple
  7037 | Temple   | Became a worshipper of Dithmenos the Shadowed
  7442 | D:6      | Hit by a stone thrown by an orc warrior

Vault maps used:
D:1:      matt_arrival_diagonals, serial_bayou_lagoon_a
D:2:      first_bread, kennysheep_generic_room_13, uniq_iyjb
D:3:      uniq_terence
D:6:      minmay_temple_entry_hall, minivault_27
Temple:   minmay_crystal_snake_temple

Skill      XL: |  1  2  3  4  5  6  7 |
---------------+----------------------+-----
Stealth        | 6 7 |  7.2
Throwing       | 3 4 5 6 |  6.7
Dodging        | 2 |  2.4
Short Blades   | 3 |  3.5
Fighting       | 3 |  3.1
Evocations     | |  0.9

Action                   |  1- 3 |  4- 6 |  7- 9 || total
-------------------------+-------+-------+-------++-------
Melee: Dagger            |   143 |    96 |    52 ||   291
       Constrict         |    16 |    27 |    10 ||    53
       Tentacles         |    32 |    18 |    13 ||    63
Throw: Stone             |   101 |   197 |    85 ||   383
       Tomahawk          |     1 |       |       ||     1
Evoke: Wand              |       |     6 |       ||     6
  Use: Potion            |       |     4 |       ||     4
       Scroll            |       |     3 |     2 ||     5
 Stab: Sleeping          |     4 |       |     1 ||     5
  Eat: Chunk             |     3 |    10 |     2 ||    15
       Bread ration      |       |       |     1 ||     1
Armor: Skin              |    17 |     7 |     2 ||    26
Dodge: Dodged            |    51 |    43 |    33 ||   127
